 Dungeon Crawl Stone Soup version 0.17-a0-777-g32247ce (webtiles) character file.

7673 RobertPalmer the Sharpshooter (level 11, 0/57 HPs)
             Began as a Kobold Hunter on Apr 26, 2015.
             Was an Elder of Okawaru.
             Slain by a porcupine (9 damage)
             ... on level 1 of the Lair of Beasts.
             The game lasted 00:29:03 (12674 turns).

RobertPalmer the Sharpshooter (Kobold Hunter)      Turns: 12674, Time: 00:29:04

Health: 0/57       AC: 14    Str: 12    XL:     11   Next: 41%
Magic:  11/11      EV: 20    Int: 12    God:    Okawaru [****..]
Gold:   449        SH:  0    Dex: 16    Spells: 0 memorised, 10 levels left

rFire  + . .     SeeInvis +     a - +5 quick blade
rCold  . . .     Clarity  .     r - +3 leather armour {rF+}
rNeg   . . .     SustAb   .     (shield restricted)
rPois  .         Gourm    .     h - +1 helmet
rElec  .         Spirit   .     o - +2 cloak {MR+}
rCorr  .         Warding  .     A - +0 pair of gloves
rMut   .         Stasis   .     x - +1 pair of boots (curse)
MR     +....                    (no amulet)
Stlth  ++........               (no ring)
                                q - ring of see invisible {sInv, !d}

@: somewhat resistant to hostile enchantments, unstealthy
A: carnivore 3
a: Heroism, Renounce Religion


You were on level 1 of the Lair of Beasts.
You worshipped Okawaru.
Okawaru was greatly pleased with you.
You were hungry.

You visited 3 branches of the dungeon, and saw 12 of its levels.
You also visited: Ossuary.

You collected 449 gold pieces.

Inventory:

Hand weapons
 a - a +5 quick blade (weapon)
   (You acquired it on level 8 of the Dungeon)
 b - a +1 hand crossbow
Missiles
 f - 23 bolts
 p - 3 throwing nets {=f, !d}
 w - 4 curare-tipped needles
 J - 10 bolts of frost
Armour
 h - a +1 helmet (worn)
   (You found it on level 5 of the Dungeon)
 o - a +2 cloak of magic resistance (worn)
   (You took it off Crazy Yiuf on level 2 of the Dungeon)
 r - a +3 leather armour of fire resistance (worn)
   (You took it off Eustachio on level 5 of the Dungeon)
 x - a cursed +1 pair of boots (worn)
   (You found it on level 3 of the Dungeon)
 A - a +0 pair of gloves (worn)
   (You found it on level 3 of the Dungeon)
Jewellery
 q - a ring of see invisible (left hand) {sInv, !d}
   (You found it on level 5 of the Dungeon)
 G - an uncursed ring of protection from cold {unknown}
   (You found it on level 9 of the Dungeon)
Magical devices
 c - a wand of disintegration (4)
   (You took it off an orc on level 4 of the Dungeon)
 i - a wand of frost (27)
   (You took it off a centaur on level 6 of the Dungeon)
 s - a wand of random effects (29)
   (You found it on level 4 of the Dungeon)
 u - a wand of random effects (20)
   (You found it on level 4 of the Dungeon)
 E - a wand of fire (0)
   (You found it on level 7 of the Dungeon)
 L - a wand of heal wounds (6)
   (You found it on level 1 of the Lair of Beasts)
Scrolls
 d - a scroll of enchant armour
 g - 6 scrolls of remove curse
 j - 4 scrolls of fog
 t - 3 scrolls of identify
 y - a scroll of magic mapping {!r}
 F - a scroll of teleportation
 H - a scroll of amnesia
 K - a scroll of fear
Potions
 k - 5 potions of magic
 n - a potion of brilliance
 z - 2 potions of curing
 B - a potion of degeneration {unknown}
 C - a potion of ambrosia {!q}
 D - a potion of berserk rage {unknown}
 I - a potion of haste
Books
 v - a Young Poisoner's Handbook
   (You found it on level 4 of the Dungeon)
Comestibles
 e - 6 meat rations {@e2}
 l - 9 slices of pizza
 m - 4 beef jerkies


   Skills:
 - Level 2.1 Fighting
 - Level 9.6 Short Blades
 + Level 15.7 Crossbows
 - Level 9.0 Dodging
 - Level 1.3 Stealth


You had 10 spell levels left.
You didn't know any spells.

Dungeon Overview and Level Annotations

Branches:
Dungeon (10/15)            Temple (1/1) D:7            Lair (1/8) D:8
    Orc: D:9-12

Altars:
Ashenzari
Cheibriados
Dithmenos
Elyvilon
Fedhas
Gozag
Kikubaaqudgha
Makhleb
Nemelex Xobeh
Okawaru
Qazlal
Ru
Sif Muna
Trog
Vehumet
Xom
Yredelemnul
Zin
The Shining One

Annotations:
D:7 Gruud's ghost, experienced DsNe


Innate Abilities, Weirdness & Mutations

You are small and have problems with some larger weapons.
You are carnivorous and can eat meat at any time.


Message History

You see here a komodo dragon corpse.
J - 13 bolts of frost (gained 1)
An iguana comes into view.
An iguana is nearby!
An iguana is nearby!
An iguana is nearby!
The iguana hisses angrily.
The iguana completely misses you.
You hit the iguana but do no damage. The iguana bites you.
You take 2 damage, and have 55/57 hp.
You puncture the iguana! You hit the iguana. You closely miss the iguana.
The iguana misses you.
You closely miss the iguana. You hit the iguana.
You kill the iguana!
Okawaru accepts your kill.
No target in view!
No target in view!
No target in view!
No target in view!
No target in view!
Found a stone staircase leading down.
Health restored: 57 You now have 449 gold pieces (gained 16).
You are feeling hungry.
L - a wand of heal wounds A porcupine comes into view.
A spiny frog comes into view.
The spiny frog gives a loud, deep croak!
The porcupine twitches its whiskers.
Found a stone staircase leading down.
You closely miss the porcupine. You hit the porcupine.
The porcupine bites you but does no damage.
You hit the porcupine.
b - a +1 hand crossbow (weapon)
The porcupine misses you.
Aim: a spiny frog You shoot a bolt of frost.
The bolt of frost hits the spiny frog.
The bolt of frost freezes the spiny frog.
The porcupine bites you but does no damage.
Aim: a spiny frog (lightly wounded)
You shoot a bolt of frost. The bolt of frost hits the spiny frog.
The bolt of frost freezes the spiny frog.
The spiny frog completely misses you. The porcupine closely misses you.
The spiny frog stings you but does no damage.
Aim: a spiny frog (lightly wounded)
You shoot a bolt of frost.
The bolt of frost hits the spiny frog but does no damage.
The spiny frog seems to slow down.
The bolt of frost freezes the spiny frog.
The porcupine closely misses you.
a - a +5 quick blade (weapon)
The porcupine barely misses you. The spiny frog stings you!!
You take 20 damage, and have 37/57 hp.
MASSIVE DAMAGE!!
You hit the spiny frog. You closely miss the spiny frog.
The porcupine misses you.
You hit the spiny frog.
You hit the spiny frog but do no damage.
The spiny frog closely misses you.
You hit the spiny frog. The porcupine closely misses you.
You hit the spiny frog.
The spiny frog is no longer moving slowly.
You barely miss the spiny frog. You hit the spiny frog.
The porcupine bites you but does no damage.
The spiny frog completely misses you.
You completely miss the spiny frog.
You hit the spiny frog but do no damage.
You hit the spiny frog. The porcupine misses you.
The spiny frog stings you but does no damage.
You hit the spiny frog. You barely miss the spiny frog.
The porcupine bites you.
You take 2 damage, and have 35/57 hp.
You puncture the spiny frog! The spiny frog closely misses you.
You hit the spiny frog but do no damage.
You hit the spiny frog.
You kill the spiny frog!
Okawaru is honoured by your kill. The porcupine bites you.
You take 1 damage, and have 34/57 hp.
Things that are here:
a bolt of frost; a spiny frog corpse You are struck by the porcupine's spines.
You closely miss the porcupine.
You take 11 damage, and have 23/57 hp.
You are struck by the porcupine's spines.
* * * LOW HITPOINT WARNING * * *
You hit the porcupine.
You take 7 damage, and have 16/57 hp.
You hit the porcupine. The porcupine misses you.
You are struck by the porcupine's spines.
* * * LOW HITPOINT WARNING * * *
You hit the porcupine but do no damage.
You take 7 damage, and have 9/57 hp.
Unknown command.
You hit the porcupine. The porcupine bites you!
You die...

...# .....## .......###
.......>..# ........##
#..#.......## #######
#..........## ##.##.P#
#######r.....###
.......###......@$.......
.................(..#....
........................
........................
..................?.....
.............[.........
##.........####.......
#####.##### ....... ###
....


You could see a porcupine.

Vanquished Creatures
  A hydra (Lair:1)
  Joseph (D:7)
  A spiny frog (Lair:1)
  A komodo dragon (Lair:1)
  A fire drake (D:8)
  Prince Ribbit (D:9)
  2 deep elf magi (D:9)
  Eustachio (D:5)
  A hog (D:7)
  A human (D:7)
  2 hippogriffs
  Menkaure (D:6)
  3 soldier ants (D:8)
  2 ice beasts (D:7)
  Duvessa (D:4)
  An orc warrior (D:8)
  3 sky beasts (D:6)
  2 ogres
  A wasp (D:9)
  A phantom (D:9)
  6 centaurs
  An elf zombie (Ossuary)
  2 big kobolds
  6 giant frogs
  Dowan (D:4)
  A scorpion (D:6)
  5 wights (D:6)
  2 crimson imps
  2 giant frog zombies (D:5)
  3 orc priests
  2 quasits
  Crazy Yiuf (D:2)
  2 iguanas (Lair:1)
  3 giant frog skeletons
  4 hounds
  2 jellies (D:6)
  A gnoll shaman (D:6)
  Terence (D:3)
  Natasha (twice) (D:2)
  8 orc wizards
  10 worker ants
  A killer bee zombie (D:8)
  3 sheep (D:7)
  3 mummies (Ossuary)
  46 gnolls (D:6)
  10 adders
  An adder zombie (Ossuary)
  2 worms
  4 giant geckos
  15 orcs
  A bat skeleton (D:4)
  6 giant cockroaches
  2 gnoll zombies (Ossuary)
  11 hobgoblins
  32 jackals
  20 kobolds
  A quokka (D:4)
  18 bats
  6 giant newts
  9 goblins
  2 goblin zombies (Ossuary)
  2 hobgoblin zombies (Ossuary)
  A jackal skeleton (D:4)
  5 kobold zombies (Ossuary)
  A quokka zombie (Ossuary)
  15 rats
  4 rat zombies (Ossuary)
314 creatures vanquished.

Notes
Turn   | Place    | Note
--------------------------------------------------------------
     0 | D:1      | RobertPalmer, the Kobold Hunter, began the quest for the Orb.
     0 | D:1      | Reached XP level 1. HP: 12/12 MP: 1/1
   158 | D:1      | Reached skill level 1 in Short Blades
   236 | D:1      | Reached skill level 2 in Short Blades
   236 | D:1      | Reached XP level 2. HP: 14/17 MP: 2/2
   797 | D:1      | Reached skill level 3 in Short Blades
   939 | D:1      | Reached XP level 3. HP: 19/21 MP: 3/3
  1052 | D:2      | Found a glowing silver altar of Zin.
  1151 | D:2      | Found a blossoming altar of Fedhas.
  1154 | D:2      | Noticed Natasha
  1162 | D:2      | Killed Natasha
  1162 | D:2      | Reached skill level 4 in Short Blades
  1162 | D:2      | Reached XP level 4. HP: 19/26 MP: 4/4
  1430 | D:2      | Noticed Crazy Yiuf
  1443 | D:2      | Killed Crazy Yiuf
  1443 | D:2      | Reached skill level 5 in Short Blades
  1522 | D:2      | Reached XP level 5. HP: 30/30 MP: 5/5
  1537 | D:2      | Noticed Natasha
  1540 | D:2      | Killed Natasha
  1788 | D:2      | Reached skill level 6 in Short Blades
  2260 | D:3      | Noticed Terence
  2351 | D:3      | Killed Terence
  2497 | D:3      | You fall through a shaft for 2 floors!
  2497 | D:5      | Entered Level 5 of the Dungeon
  2497 | D:5      | Found a sand-covered staircase.
  2505 | Ossuary  | Entered an ossuary
  2661 | Ossuary  | HP: 5/30 [arrow trap (13)]
  2911 | Ossuary  | Reached skill level 7 in Short Blades
  2911 | Ossuary  | Reached XP level 6. HP: 35/35 MP: 6/6
  3878 | D:4      | Noticed Eustachio
  3986 | D:4      | Reached skill level 8 in Short Blades
  4294 | D:4      | Found a basalt altar of Yredelemnul.
  4295 | D:4      | Found a blossoming altar of Fedhas.
  4360 | D:4      | Noticed Duvessa
  4376 | D:4      | Noticed Dowan
  4391 | D:4      | Killed Duvessa
  4391 | D:4      | Reached skill level 9 in Short Blades
  4391 | D:4      | Reached XP level 7. HP: 29/40 MP: 7/7
  4409 | D:4      | Killed Dowan
  4980 | D:3      | Reached skill level 3 in Dodging
  5463 | D:5      | Reached skill level 4 in Dodging
  5850 | D:5      | Reached XP level 8. HP: 44/44 MP: 8/8
  6019 | D:5      | Killed Eustachio
  6019 | D:5      | Reached skill level 5 in Dodging
  6089 | D:5      | Reached skill level 6 in Dodging
  6143 | D:5      | Noticed a centaur
  6152 | D:5      | Killed a centaur
  6152 | D:5      | Reached skill level 7 in Dodging
  6501 | D:5      | You fall through a shaft for 2 floors!
  6514 | D:7      | Found a shimmering altar of Xom.
  6528 | D:7      | Found a staircase to the Ecumenical Temple.
  6539 | D:7      | Noticed Joseph
  6556 | D:7      | Killed Joseph
  6556 | D:7      | Reached skill level 9 in Dodging
  6556 | D:7      | Reached XP level 9. HP: 42/48 MP: 9/9
  6574 | Temple   | Entered the Ecumenical Temple
  6779 | Temple   | Became a worshipper of Warmaster Okawaru
  6816 | D:7      | Noticed Gruud's ghost (experienced DsNe)
  6844 | D:7      | Found an opulent altar of Gozag.
  6846 | D:7      | Noticed Menkaure
  6862 | D:6      | HP: 12/48 [??? (9)]
  6866 | D:6      | Killed Menkaure
  6866 | D:6      | Reached skill level 5 in Crossbows
  6925 | D:6      | Reached skill level 6 in Crossbows
  7258 | D:6      | Reached skill level 7 in Crossbows
  7567 | D:4      | Reached skill level 8 in Crossbows
  7609 | D:5      | Found a white marble altar of Elyvilon.
  7619 | D:5      | Acquired Okawaru's first power
  8009 | D:6      | Reached skill level 9 in Crossbows
  8558 | D:6      | Reached skill level 10 in Crossbows
  8668 | D:6      | Reached XP level 10. HP: 43/53 MP: 10/10
  9106 | D:6      | Reached skill level 11 in Crossbows
  9846 | D:7      | Reached skill level 12 in Crossbows
 10369 | D:8      | Found a staircase to the Lair.
 10588 | D:8      | Identified a scroll of acquirement
 10636 | D:8      | Reached skill level 13 in Crossbows
 10681 | D:8      | Found a deep blue altar of Sif Muna.
 10839 | D:8      | Noticed a queen ant
 11494 | D:9      | Reached skill level 14 in Crossbows
 11558 | D:9      | Reached XP level 11. HP: 57/57 MP: 11/11
 11624 | D:9      | Found a radiant altar of Vehumet.
 11865 | D:9      | Noticed Prince Ribbit
 11891 | D:9      | Killed Prince Ribbit
 12283 | D:10     | Entered Level 10 of the Dungeon
 12437 | Lair:1   | Entered Level 1 of the Lair of Beasts
 12464 | Lair:1   | Noticed a seven-headed hydra
 12480 | Lair:1   | Killed a seven-headed hydra
 12480 | Lair:1   | Received a gift from Okawaru
 12480 | Lair:1   | Reached skill level 15 in Crossbows
 12673 | Lair:1   | HP: 9/57 [porcupine's spines (7)]
 12674 | Lair:1   | Slain by a porcupine

Action                   |  1- 3 |  4- 6 |  7- 9 | 10-12 || total
-------------------------+-------+-------+-------+-------++-------
Melee: Short sword       |    64 |   369 |   258 |   317 ||  1008
       Dagger            |       |       |   313 |       ||   313
       Quick blade       |       |       |       |   383 ||   383
 Fire: Hand crossbow     |    13 |    48 |    11 |    33 ||   105
Throw: Throwing net      |       |       |       |     3 ||     3
Evoke: Wand              |       |       |     2 |     6 ||     8
  Use: Potion            |       |    10 |     4 |       ||    14
       Scroll            |       |    13 |     6 |     3 ||    22
 Stab: Sleeping          |       |       |     3 |     3 ||     6
       Held in net/web   |       |       |       |     4 ||     4
  Eat: Chunk             |     3 |     8 |     7 |     2 ||    20
       Meat ration       |     1 |     1 |     1 |     1 ||     4

Vault maps used:
D:1:      nicolae_arrival_somewhat_less_tricky_arrival
D:2:      old_standard_altar, fedhas_altar_2, uniq_crazy_yiuf_cottage,
          uniq_natasha
D:3:      kennysheep_generic_room_14, uniq_terence
D:4:      serial_park_square1, gammafunk_temple_overflow_statue, uniq_eustachio,
          uniq_duvessa
D:5:      nicolae_ossuary_entry_monument, first_bread, elyvilon_altar_3
D:6:      lemuel_castle_with_subvaults
D:7:      xom_teletrap_fun, temple_pool_a, basic_altar, grunt_livestock,
          grunt_decor_arrowhead, uniq_menkaure, uniq_joseph
D:8:      lemuel_blue_sif_altar, minmay_lair_entry_lava, zaba_antful_of_joy
D:9:      lemuel_doored_altar, nrook_mini_vaults, uniq_prince_ribbit1
D:10:     uniq_erica
Temple:   nicolae_temple_figure_eight
Lair:1:   minmay_lair_oklob_bushes
Ossuary:  ossuary_minmay_chase

Table legend:
 A = Turns spent in this place as a percentage of turns spent in the entire game.
 B = Non-inter-level travel turns spent in this place as a percentage of non-inter-level travel turns spent in the entire game.
 C = Inter-level travel turns spent in this place as a percentage of turns spent in this place.
 D = Turns resting spent in this place as a percentage of non-inter-level travel turns spent in this place.
 E = Turns spent auto-exploring this place as a percentage of non-inter-level travel turns spent in this place.
 F = Non-inter-level travel turns spent in this place divided by the number of levels of this place that you've seen.
                   A       B       C       D       E      F
               +-------+-------+-------+-------+-------+----------------------
         Total | 100.0 | 100.0 |   0.4 |   1.7 |   5.9 | 402.8
       Dungeon |  88.9 |  88.9 |   0.4 |   1.5 |   6.2 | 465.5
        Temple |   0.5 |   0.4 |   8.0 |   0.0 |  60.9 |  23.0
          Lair |   2.9 |   2.9 |   0.0 |   0.0 |   4.5 | 154.0
       Ossuary |   7.7 |   7.7 |   0.0 |   4.5 |   0.5 | 404.0
               +-------+-------+-------+-------+-------+----------------------

Table legend:
 A = Kills in this place as a percentage of kills in entire the game.
 B = Kills by you in this place as a percentage of kills by you in the entire game.
 C = Kills by friends in this place as a percentage of kills by friends in the entire game.
 D = Other kills in this place as a percentage of other kills in the entire game.
 E = Experience gained in this place as a percentage of experience gained in the entire game.
 F = Experience gained in this place divided by the number of levels of this place that you have seen.
                   A       B       C       D       E      F
               +-------+-------+-------+-------+-------+----------------------
         Total | 100.0 | 100.0 |  -nan |  -nan | 100.0 | 843.2
       Dungeon |  91.7 |  91.7 |  -nan |  -nan |  80.2 | 878.8
          Lair |   1.9 |   1.9 |  -nan |  -nan |  18.3 | 2002.0
       Ossuary |   6.4 |   6.4 |  -nan |  -nan |   1.6 | 172.0
               +-------+-------+-------+-------+-------+----------------------
